 Dungeon Crawl Stone Soup version 0.29-a0-393-g47a863cc1b (webtiles) character file.

Game seed: 14875320075521095149

1264 zeratav the Archer (level 8, -2/44 HPs)
             Began as a Tengu Hunter on May 9, 2022.
             Was a Believer of Okawaru.
             Shot with an arrow by a centaur (9 damage)
             ... on level 6 of the Dungeon.
             The game lasted 00:07:40 (6231 turns).

zeratav the Archer (Tengu Hunter)                   Turns: 6231, Time: 00:07:41

Health: -2/44      AC:  3    Str: 12    XL:     8   Next: 52%
Magic:  9/9        EV: 14    Int: 10    God:    Okawaru [**....]
Gold:   327        SH:  0    Dex: 19    Spells: 7/7 levels left

rFire   . . .      SeeInvis .   a - +1 shortbow {bow}
rCold   . . .      Faith    .   (shield currently unavailable)
rNeg    . . .      Spirit   .   b - +0 leather armour
rPois   .          Reflect  .   (helmet restricted)
rElec   .          Harm     .   (no cloak)
rCorr   .          Rampage  .   (no gloves)
Will    .....                   (boots unavailable)
Stlth   ++........              (no amulet)
HPRegen 0.14/turn               (no ring)
MPRegen 0.11/turn               (no ring)

@: flying quickly and evasively, quick
A: beak, talons 3, nimble flight
a: Renounce Religion, Heroism


You were on level 6 of the Dungeon.
You worshipped Okawaru.
Okawaru was pleased with you.
You visited 2 branches of the dungeon, and saw 7 of its levels.

You collected 327 gold pieces.


Innate Abilities, Weirdness & Mutations

You have a beak for a mouth.
You have claws for feet.
Your magical nature lets you fly swiftly and evasively.


   Skills:
 - Level 2.0 Fighting
 + Level 11.8 Bows
 - Level 2.1 Dodging
 - Level 1.0 Stealth


You had 7 spell levels left.
You didn't know any spells.
Your spell library contained the following spells:

 Spells                   Type           Power      Damage    Failure   Level
 Foxfire                  Conj/Fire      0%         2x1d4     43%         1
 Shock                    Conj/Air       0%         1d3       43%         1
 Corpse Rot               Necr/Air       0%         N/A       58%         2
 Passwall                 Tmut/Erth      0%         N/A       58%         2
 Poisonous Vapours        Pois/Air       0%         N/A       58%         2
 Conjure Flame            Conj/Fire      0%         6-21      82%         3
 Inner Flame              Hex/Fire       0%         N/A       82%         3
 Swiftness                Air            0%         N/A       82%         3
 Airstrike                Air            0%         N/A       99%         4
 Flame Wave               Conj/Fire      0%         2d4       99%         4
 Alistair's Intoxication  Tmut/Pois      0%         N/A       100%        5
 Yara's Violent Unravell  Hex/Tmut       0%         3d3       100%        5
 Statue Form              Tmut/Erth      0%         N/A       100%        6

Inventory:

Hand Weapons
 a - a +1 shortbow (weapon) {bow}
 g - a +4 whip of electrocution {mace}
   (You took it off an orc on level 5 of the Dungeon)
 h - a +4 dagger of venom {short}
   (You took it off a kobold on level 1 of the Dungeon)
 I - a +1 dagger of protection {short}
   (You took it off an orc wizard on level 6 of the Dungeon)
 Q - a +5 hand axe {axe}
   (You took it off a wight on level 6 of the Dungeon)
 S - a +1 battleaxe of freezing {axe}
   (You took it off a wight on level 6 of the Dungeon)
Armour
 b - a +0 leather armour (worn)
 e - a scarf of harm
   (You found it on level 1 of the Dungeon)
 i - a +0 leather armour
   (You took it off an orc on level 5 of the Dungeon)
 m - a +0 ring mail
   (You found it on level 2 of the Dungeon)
 q - a +0 leather armour
   (You found it on level 3 of the Dungeon)
 r - a +0 leather armour
   (You found it on level 3 of the Dungeon)
 w - a +0 robe
   (You found it on level 3 of the Dungeon)
 B - a +0 pair of gloves
   (You found it on level 5 of the Dungeon)
 F - a +0 robe
   (You found it on level 5 of the Dungeon)
 J - a +0 robe
   (You took it off an orc wizard on level 6 of the Dungeon)
 K - a +0 plate armour
   (You took it off an orc warrior on level 6 of the Dungeon)
 L - a +0 leather armour
   (You took it off an orc on level 6 of the Dungeon)
 M - a +0 robe
   (You took it off a gnoll on level 6 of the Dungeon)
 N - a +0 robe
   (You took it off a wight on level 6 of the Dungeon)
 O - a +0 robe
   (You took it off a wight on level 6 of the Dungeon)
 P - a +0 robe
   (You took it off a wight on level 6 of the Dungeon)
 R - a +0 robe
   (You took it off a wight on level 6 of the Dungeon)
 T - a +0 robe
   (You took it off a wight on level 6 of the Dungeon)
 V - a +0 leather armour
   (You took it off a gnoll shaman on level 6 of the Dungeon)
Jewellery
 H - an amulet of faith {!P}
   (You found it on level 6 of the Dungeon)
Wands
 y - a wand of polymorph (8)
   (You found it on level 4 of the Dungeon)
 C - a wand of paralysis (10)
   (You found it on level 5 of the Dungeon)
 U - a wand of flame (26)
   (You took it off a wight on level 6 of the Dungeon)
Scrolls
 c - 2 scrolls of immolation {!r!r}
 l - a scroll of enchant armour
 o - 2 scrolls of teleportation {@r4}
 s - 2 scrolls of fear
 t - a scroll of fog
 v - a scroll of vulnerability {!r!r}
 z - 2 scrolls of blinking {!r}
 D - 2 scrolls of enchant weapon {unknown}
 E - a scroll of brand weapon {unknown}
 G - 2 scrolls of identify {@r1}
Potions
 d - 4 potions of haste {unknown}
 f - 3 potions of mutation {unknown}
 j - 3 potions of heal wounds {unknown}
 k - a potion of invisibility {unknown}
 n - 2 potions of flight {unknown}
 p - 2 potions of attraction {unknown}
 u - 5 potions of curing {unknown}
 x - a potion of ambrosia {unknown}
 A - a potion of brilliance {unknown}

Dungeon Overview and Level Annotations

Branches:
Dungeon (6/15)             Temple (1/1) D:6

Altars:
Ashenzari
Cheibriados
Dithmenos
Elyvilon
Fedhas
Gozag
Hepliaklqana
Kikubaaqudgha
Makhleb
Nemelex Xobeh
Okawaru
Qazlal
Ru
Sif Muna
Trog
Uskayaw
Wu Jian
Xom
Yredelemnul
Zin
The Shining One

Shops:
D:4

( #..########.#
#.......#...... ....#....>..#
####.##.#...... ....#.#####.#
#.##....._.. ....#.# #...#
#####.##.#...... ....#.#
#.#.# #........#......
....#.# #.#.#
#.###.##.##.....
....#.###.#.# # #....####.##
....#.......######.###.....
...
....'..)........@...........
...
....####...#######.###...#.##
.. ....# ##.## c.......#
....# #.#### ###.#### ....##
#....# .....# ####g# .....#
#.# .....# #g# .....# #.#


You could see a centaur.


Message History

Shoot: a) +1 shortbow {bow}
Press: ? - help, Q - select action, (/) - cycle Shift-Dir - straight line, f - you That would be overly suicidal.
Okay, then.
Shoot: a) +1 shortbow {bow}
Press: ? - help, Q - select action, (/) - cycle Shift-Dir - straight line, f - you That would be overly suicidal.
Okay, then.
Shoot: a) +1 shortbow {bow}
Press: ? - help, Q - select action, (/) - cycle Shift-Dir - straight line, f - you That would be overly suicidal.
Okay, then.
Shoot: a) +1 shortbow {bow}
Press: ? - help, Q - select action, (/) - cycle Shift-Dir - straight line, f - you That would be overly suicidal.
Okay, then.
Shoot: a) +1 shortbow {bow}
Press: ? - help, Q - select action, (/) - cycle Shift-Dir - straight line, f - you That would be overly suicidal.
Okay, then.
Shoot: a) +1 shortbow {bow}
Press: ? - help, Q - select action, (/) - cycle Shift-Dir - straight line, f - you That would be overly suicidal.
Okay, then.
Shoot: a) +1 shortbow {bow}
Press: ? - help, Q - select action, (/) - cycle Shift-Dir - straight line, f - you That would be overly suicidal.
Okay, then.
Shoot: a) +1 shortbow {bow}
Press: ? - help, Q - select action, (/) - cycle Shift-Dir - straight line, f - you That would be overly suicidal.
Okay, then.
Shoot: a) +1 shortbow {bow}
Press: ? - help, Q - select action, (/) - cycle Shift-Dir - straight line
Okay, then.
You are too injured to fight recklessly!
N - a +0 robe;
O - a +0 robe;
P - a +0 robe;
Q - a +5 hand axe {axe}
R - a +0 robe
Things that are here:
a +0 great sword {long}; a +0 great sword {long}; a +0 short sword {short} HP[+16]
Your hp is fully restored (44).
S - a +1 battleaxe of freezing {axe};
T - a +0 robe;
U - a wand of flame (26)
s - 2 scrolls of fear (gained 1);
n - 2 fuming golden potions (gained 1)
You now have 327 gold pieces (gained 30).
V - a +0 leather armour
Items here: ( )))).
There is an open door here.
There is an open door here.
You see here a +0 club {mace}.
A centaur comes into view.
The centaur shouts!
The centaur wields a +0 shortbow.
The centaur shoots an arrow.
The arrow hits you!
The centaur shoots an arrow.
The arrow barely misses you.
HP[-9]
You take 9 damage, and now have 35/44 hp.
MASSIVE DAMAGE!! (PAUSE)
You shoot an arrow. The arrow hits the centaur.
The centaur shoots an arrow.
The arrow barely misses you.
You shoot an arrow.
The arrow completely misses the centaur.
The centaur shoots an arrow.
The arrow misses you.
The centaur shoots an arrow.
The arrow hits you.
HP[-6]
You take 6 damage, and now have 29/44 hp.
You are too injured to fight recklessly!
You are too injured to fight recklessly!
You are too injured to fight recklessly!
You are too injured to fight recklessly!
Shoot: a) +1 shortbow {bow}
Press: ? - help, Q - select action, (/) - cycle Shift-Dir - straight line, f/p - centaur
Aim: a centaur, wielding a +0 shortbow (lightly wounded, 77% to hit)
You shoot an arrow. The arrow hits the centaur.
The centaur shoots an arrow.
The arrow completely misses you.
Shoot: a) +1 shortbow {bow}
Press: ? - help, Q - select action, (/) - cycle Shift-Dir - straight line, f/p - centaur
Aim: a centaur, wielding a +0 shortbow (lightly wounded, 77% to hit)
You shoot an arrow.
The arrow hits the centaur but does no damage.
The centaur shoots an arrow.
The arrow hits you!
* * * LOW HITPOINT WARNING * * *
The centaur shoots an arrow.
The arrow closely misses you.
HP[-8]
You take 8 damage, and now have 21/44 hp.
Shoot: a) +1 shortbow {bow}
Press: ? - help, Q - select action, (/) - cycle Shift-Dir - straight line, f/p - centaur
Aim: a centaur, wielding a +0 shortbow (lightly wounded, 77% to hit)
You shoot an arrow. The arrow hits the centaur.
The centaur shoots an arrow.
The arrow hits you!
* * * LOW HITPOINT WARNING * * *
HP[-7]
You take 7 damage, and now have 14/44 hp.
Shoot: a) +1 shortbow {bow}
Press: ? - help, Q - select action, (/) - cycle Shift-Dir - straight line, f/p - centaur
Aim: a centaur, wielding a +0 shortbow (moderately wounded, 77% to hit)
You shoot an arrow. The arrow hits the centaur!
The centaur shoots an arrow.
The arrow hits you!
* * * LOW HITPOINT WARNING * * *
The centaur shoots an arrow.
The arrow hits you!
You die...

Skill      XL: |  1  2  3  4  5  6  7  8 |
---------------+-------------------------+-----
Bows           | 5 6 7 8 10 11 | 11.8
Fighting       | |  2.0
Dodging        | |  2.1
Stealth        | |  1.0

Action                   |  1- 3 |  4- 6 |  7- 9 || total
-------------------------+-------+-------+-------++-------
 Fire: Shortbow          |    76 |   163 |   132 ||   371
Invok: Heroism           |     2 |     1 |     1 ||     4
  Use: Scroll            |       |     8 |       ||     8
Armor: Leather armour    |     9 |    12 |     5 ||    26
Dodge: Dodged            |    37 |    65 |    41 ||   143

Levels and vault maps discovered:
D:1:      mushboom_english_gardens, layout_rooms, shapermc_ecumenical_altar_gd
D:2:      layout_loops_cross, nicolae_elevator_lobby_plus, uniq_natasha
D:3:      layout_basic, mainiacjoe_overflow_concentric_impassable
D:4:      layout_loops_ring, serial_shops, nicolae_shop_stone
D:5:      layout_loops_cross, mainiacjoe_overflow_catch_the_wave,
          wad_woods_river_04
D:6:      layout_loops_corners, old_standard_altar,
          nicolae_wu_jian_immortal_techniques,
          minmay_temple_entry_statues_pillars, wad_floor_pattern_1
Temple:   eino_temple_rhombus

Notes
Turn   | Place    | Note
-------+----------+-------------------------------------------
     0 | D:1      | zeratav the Tengu Hunter began the quest for the Orb.
     0 | D:1      | Reached XP level 1. HP: 12/12 MP: 2/2
     0 | D:1      | magus.rc [v1.9.6]
   126 | D:1      | Reached XP level 2. HP: 17/17 MP: 3/3
   139 | D:1      | Found a faded altar of an unknown god.
   145 | D:1      | Reached skill level 5 in Bows
   194 | D:1      | You pick up a book of Vapours and begin reading...
   194 | D:1      | You add the spells Poisonous Vapours and Corpse Rot to your
                  | library.
   230 | D:1      | Prayed at the altar of an unknown god.
   230 | D:1      | Became a worshipper of Warmaster Okawaru
   230 | D:1      | Reached * piety under Okawaru
   360 | D:1      | Reached XP level 3. HP: 6/21 MP: 1/4
   648 | D:2      | Noticed Natasha
   655 | D:2      | Killed Natasha
   656 | D:2      | Reached skill level 6 in Bows
   761 | D:2      | Noticed Natasha
   766 | D:2      | HP: 5/21 [Natasha (3)]
   768 | D:2      | Killed Natasha
   769 | D:2      | Reached XP level 4. HP: 5/26 MP: 2/5
  1067 | D:2      | Noticed Natasha
  1073 | D:2      | Killed Natasha
  1320 | D:2      | Gained mutation: Your magical nature lets you fly swiftly
                  | and evasively. [Tengu growth]
  1320 | D:2      | Reached XP level 5. HP: 30/30 MP: 6/6
  2016 | D:3      | Reached skill level 7 in Bows
  2034 | D:3      | Found a shadowy altar of Dithmenos.
  2505 | D:4      | Found Hinaabuo's Antique Weapon Shoppe.
  2619 | D:4      | You pick up a book of Air and begin reading...
  2619 | D:4      | You add the spells Shock, Swiftness and Airstrike to your
                  | library.
  2684 | D:4      | HP: 6/30 [iguana (13)]
  2932 | D:4      | Reached XP level 6. HP: 26/35 MP: 4/7
  3095 | D:4      | You pick up a book of Flames and begin reading...
  3095 | D:4      | You add the spells Foxfire, Conjure Flame, Inner Flame and
                  | Flame Wave to your library.
  3522 | D:4      | Reached skill level 8 in Bows
  3572 | D:5      | Entered Level 5 of the Dungeon
  3711 | D:5      | You pick up a book of Air and begin reading...
  4139 | D:5      | You add the spells Passwall, Yara's Violent Unravelling,
                  | Alistair's Intoxication and Statue Form to your library.
  4139 | D:5      | Got the Almanac of Unstable Clay
  4240 | D:5      | Found an iron altar of Okawaru.
  4261 | D:5      | Reached XP level 7. HP: 40/40 MP: 8/8
  4273 | D:5      | Reached skill level 9 in Bows
  4351 | D:5      | Found a burning altar of Makhleb.
  4539 | D:6      | Reached ** piety under Okawaru
  4872 | D:6      | Reached skill level 10 in Bows
  4998 | D:6      | Found an ornate altar of the Wu Jian Council.
  5049 | D:6      | Found a hide-covered altar of Uskayaw.
  5154 | D:6      | Found a staircase to the Ecumenical Temple.
  5167 | D:6      | HP: 10/40 [something (5)]
  5168 | D:6      | Reached XP level 8. HP: 11/44 MP: 6/9
  5174 | D:6      | HP: 9/44 [something (3)]
  5495 | D:6      | Reached skill level 11 in Bows
  5498 | D:6      | HP: 9/44 [gnoll/+0 halberd[a gnoll shaman] (9)]
  5537 | Temple   | Entered the Ecumenical Temple
  6231 | D:6      | HP: 7/44 [centaur/arrow (7)]
  6231 | D:6      | Shot with an arrow by a centaur

Vanquished Creatures
  An orc warrior (D:6)
  2 phantoms
  A bullfrog (D:6)
  A necrophage (D:6)
  2 scorpions (D:5)
  5 wights (D:6)
  3 hounds
  A jelly (D:5)
  A gnoll shaman (D:6)
  2 iguanas
  An orc wizard (D:6)
  Natasha (thrice) (D:2)
  7 gnolls
  6 adders
  2 ufetubi
  2 worms (D:2)
  2 dart slugs
  7 orcs
  10 endoplasms
  5 giant cockroaches
  2 hobgoblins (D:2)
  10 jackals
  2 kobolds
  4 quokkas
  5 ball pythons
  4 bats
  3 frilled lizards
  5 goblins
  4 rats
103 creatures vanquished.

Vanquished Creatures (others)
  4 demonic plants (D:1)
  2 plants (D:1)
  4 withered plants (D:1)
10 creatures vanquished.

Grand Total: 113 creatures vanquished

Table legend:
 A = Non-vault XP
 B = Vault XP
 C = Vault XP percentage of total XP
 D = Non-vault monster count
 E = Vault monster count
 F = Vault count percentage of total count
                 A         B        C        D         E       F
            +---------+---------+-------+---------+---------+-------
      Total |    1770 |      36 |   2.0 |     102 |       1 |   1.0
            +---------+---------+-------+---------+---------+-------
        D:1 |      43 |       0 |   0.0 |      24 |       0 |   0.0
        D:2 |     109 |      36 |  24.8 |      18 |       1 |   5.3
        D:3 |      61 |       0 |   0.0 |      12 |       0 |   0.0
        D:4 |     119 |       0 |   0.0 |      12 |       0 |   0.0
        D:5 |     442 |       0 |   0.0 |      16 |       0 |   0.0
        D:6 |     996 |       0 |   0.0 |      20 |       0 |   0.0
            +---------+---------+-------+---------+---------+-------

Illustrated notes

Table legend:
 A = Kills in this place as a percentage of kills in entire the game.
 B = Kills by you in this place as a percentage of kills by you in the entire game.
 C = Kills by friends in this place as a percentage of kills by friends in the entire game.
 D = Other kills in this place as a percentage of other kills in the entire game.
 E = Experience gained in this place as a percentage of experience gained in the entire game.
 F = Experience gained in this place divided by the number of levels of this place that you have seen.
                   A       B       C       D       E      F
               +-------+-------+-------+-------+-------+----------------------
         Total | 100.0 | 100.0 |   N/A |   N/A | 100.0 | 258.0
       Dungeon | 100.0 | 100.0 |   N/A |   N/A | 100.0 | 301.0
               +-------+-------+-------+-------+-------+----------------------

Table legend: (Time is in decaauts)
 A = Elapsed time spent in this place.
 B = Non-inter-level travel time spent in this place.
 C = Inter-level travel time spent in this place.
 D = Time resting spent in this place.
 E = Time spent auto-exploring this place.
 F = Levels seen in this place.
 G = Mean time per level.
                   A        B        C        D        E       F      G
               +--------+--------+--------+--------+--------+-----+--------+
         Total |   6017 |   5925 |     92 |    750 |   4479 |   7 |  859.6 |
       Dungeon |   5664 |   5586 |     78 |    750 |   4151 |   6 |  944.0 |
        Temple |    353 |    340 |     13 |      0 |    327 |   1 |  353.0 |
               +--------+--------+--------+--------+--------+-----+--------+

Top non-repeatable levels by time:
     D:6: 1274 daAuts
     D:2: 1125 daAuts
     D:3: 910 daAuts
     D:5: 901 daAuts
     D:4: 804 daAuts
     D:1: 648 daAuts
  Temple: 353 daAuts
